 Dungeon Crawl Stone Soup version 0.30.0-5-g1a98f26d00 (webtiles) character file.

Game seed: 4548902192176499009

2404 Adrian566 the Cleaver (level 9, -3/78 HPs)
             Began as a Hill Orc Fighter on May 11, 2023.
             Was a Follower of Beogh.
             Slain by a wolf zombie (7 damage)
             ... in a bailey.
             The game lasted 00:06:16 (5240 turns).

Adrian566 the Cleaver (Hill Orc Fighter)            Turns: 5240, Time: 00:06:17

Health: -3/78      AC: 19    Str: 23      XL:     9   Next: 47%
Magic:  9/9        EV: 10    Int:  7 (8)  God:    Beogh [*.....]
Gold:   196        SH: 10    Dex: 10 (12) Spells: 8/8 levels left

rFire   . . .        E - +0 broad axe
rCold   . . .        c - +0 buckler
rNeg    . . .        n - +6 scale mail of the Feral God {+Blink Dex+2}
rPois   .            (no helmet)
rElec   .            d - +2 cloak {Will+}
rCorr   .            (no gloves)
SInv    .            t - +1 pair of boots
Will    +....        i - amulet of reflection Stlth
                     e - +4 ring of slaying
HPRegen 0.33/turn    (no ring)
MPRegen 0.11/turn

%: reflection
@: no status effects
A: no striking features
a: Renounce Religion, Evoke Blink


You were in a bailey.
You worshipped Beogh.
Beogh was aware of your devotion.
You visited 2 branches of the dungeon, and saw 8 of its levels.
You also visited: Bailey.

You collected 302 gold pieces.
You spent 106 gold pieces at shops.

Inventory:

Hand Weapons
 E - a +0 broad axe (weapon)
Armour
 c - a +0 buckler (worn)
 d - a +2 cloak of willpower (worn)
 n - the +6 scale mail of the Feral God (worn) {+Blink Dex+2}
   (You found it on level 2 of the Dungeon)

   Dex:       It affects your dexterity (+2).
   +Blink:    It lets you blink.
 t - a +1 pair of boots (worn)
Jewellery
 e - a +4 ring of slaying (left hand)
 i - an amulet of reflection (around neck)
 k - a ring of willpower
 v - a ring of magical power
Wands
 u - a wand of flame (17)
Scrolls
 l - a scroll of vulnerability
 m - 2 scrolls of teleportation
 w - a scroll of blinking
 z - a scroll of magic mapping
Potions
 g - 3 potions of curing
 h - 2 potions of attraction
 j - a potion of brilliance
 o - 3 potions of degeneration
 p - 3 potions of mutation
 q - a potion of ambrosia
 x - a potion of flight
 A - a potion of resistance


   Skills:
 + Level 6.7 Fighting
 + Level 11.1 Axes
 + Level 6.6 Armour
 + Level 2.2 Dodging
 + Level 1.4 Stealth
 + Level 6.0 Shields


You had 8 spell levels left.
You didn't know any spells.
Your spell library contained the following spells:

 Spells                   Type           Power      Damage    Failure   Level
 Apportation              Tloc           0%         N/A       78%         1
 Necrotise                Necr           0%         1d4       78%         1
 Summon Small Mammal      Summ           0%         N/A       78%         1
 Ensorcelled Hibernation  Hex/Ice        0%         N/A       89%         2
 Gell's Gravitas          Tloc           0%         N/A       98%         3
 Ozocubu's Armour         Ice            0%         N/A       98%         3
 Spider Form              Tmut/Pois      0%         N/A       98%         3
 Teleport Other           Tloc           0%         N/A       98%         3
 Anguish                  Hex/Necr       0%         N/A       100%        4
 Cause Fear               Hex            0%         N/A       100%        4
 Fireball                 Conj/Fire      0%         3d3       100%        5
 Iskenderun's Battlesphe  Conj           0%         2d6       100%        5
 Conjure Ball Lightning   Conj/Air       0%         3x3d6     100%        6
 Dispersal                Tloc           0%         N/A       100%        6
 Enfeeble                 Hex            0%         N/A       100%        7
 Orb of Destruction       Conj           0%         9d5       100%        7
 Ozocubu's Refrigeration  Ice            0%         4d7       100%        7


Dungeon Overview and Level Annotations

Branches:
Dungeon (7/15)             Temple (1/1) D:4          Bailey (1/1)

Altars:
Ashenzari
Cheibriados
Dithmenos
Elyvilon
Fedhas
Gozag
Hepliaklqana
Kikubaaqudgha
Makhleb
Nemelex Xobeh
Okawaru
Qazlal
Ru
Sif Muna
Trog
Vehumet
Wu Jian
Yredelemnul
Zin
The Shining One

Shops:
D:2 *   D:4 !


Message History

You slash something! Something hits you!
Something bites you but does no damage.
You barely miss something. Something hits you.
Something bites you but does no damage.
Something tries to affect you, but you resist.
Something tries to affect you, but you resist.
Something tries to affect you, but you resist.
Things that are here:
a +0 trident; a +0 spear A vampire appears from thin air!
Reactivating autopickup.
The vampire hits you from afar with a +1 vampiric glaive!
The vampire draws strength from your wounds!
The vampire draws life force from you!!
* * * LOW HITPOINT WARNING * * *
The vampire is healed by the life force!
You slice the vampire!!
The vampire is severely damaged.
The vampire draws life force from you!
* * * LOW HITPOINT WARNING * * *
The vampire is healed by the life force!
You closely miss the vampire.
The vampire is severely damaged.
The vampire closely misses you. x2
You feel better. The vampire draws life force from you!
* * * LOW HITPOINT WARNING * * *
The vampire is healed by the life force!
Blink to where?
Press: ? - help, Dir - move target
As you read the scroll of blinking, it crumbles to dust.
Blink to where?
Press: ? - help, Dir - move target
As you read the scroll of blinking, it crumbles to dust.
As you read the scroll of teleportation, it crumbles to dust.
You feel strangely unstable.
Your surroundings suddenly seem different. 2 wolf zombies come into view.
The wolf zombie bites you but does no damage.
The wolf zombie bites you!
You die...

..♣...........#,,,,**
....♣........##88..*
.............#.....*
......♣......#....♣*
#..#........##....♣
#..##+#####+#.8...♣♣
#..#*,,,,,,,#...Z..♣♣♣
#..#*,,,,,,,#...Z8.≈≈♣
#..#*******+#...@.≈≈≈♣
#).#,,..,........≈≈≈♣♣
#..#~≈≈≈~≈≈≈≈≈≈≈≈≈≈♣♣
#..#≈≈≈≈~≈≈≈≈≈≈≈≈♣♣♣
#..#....*♣♣♣♣♣♣♣♣♣
.......#* .....###
......# ∩..∩..#


You could see 2 wolf zombies.

Vanquished Creatures
  Pikel (D:5)
  Joseph (D:7)
  A gargoyle (Bailey)
  A steam dragon (D:6)
  2 water moccasins
  A sky beast (D:6)
  A phantom (D:6)
  2 lemures (D:5)
  A gnoll sergeant (D:6)
  2 scorpions
  9 vampire bats (Bailey)
  A hound (D:6)
  A gnoll bouda (D:5)
  Crazy Yiuf (D:2)
  An iguana (D:5)
  A sleepcap (D:6)
  7 gnolls
  3 adders
  A shadow imp (D:6)
  A white imp (D:5)
  An ufetubus (D:4)
  A worm (D:3)
  4 dart slugs
  10 orcs
  5 bats
  11 endoplasms
  3 giant cockroaches
  2 hobgoblins
  13 jackals
  6 kobolds
  6 quokkas
  6 ball pythons
  3 frilled lizards
  11 goblins
  11 orc zombies (Bailey)
  2 rats
134 creatures vanquished.

Vanquished Creatures (collateral kills)
  An orc zombie (Bailey)
1 creature vanquished.

Vanquished Creatures (others)
  A gnoll (D:6)
1 creature vanquished.

Grand Total: 136 creatures vanquished

Notes
Turn   | Place    | Note
-------+----------+-------------------------------------------
     0 | D:1      | Adrian566 the Hill Orc Fighter began the quest for the Orb.
     0 | D:1      | Reached XP level 1. HP: 19/19 MP: 1/1
   130 | D:1      | Reached XP level 2. HP: 26/27 MP: 2/2
   542 | D:1      | Reached skill level 3 in Axes
   573 | D:1      | Found a faded altar of an unknown god.
   776 | D:1      | Reached XP level 3. HP: 33/33 MP: 3/3
  1093 | D:2      | Identified the +6 scale mail of the Feral God {+Blink
                  | Dex+2}
  1356 | D:2      | Found Laodd's General Store.
  1362 | D:2      | Bought a scroll of identify for 26 gold pieces
  1366 | D:2      | Reached skill level 4 in Axes
  1366 | D:2      | Reached XP level 4. HP: 40/40 MP: 4/4
  1629 | D:2      | Found a runed translucent door.
  1630 | D:2      | Noticed Crazy Yiuf
  1637 | D:2      | Killed Crazy Yiuf
  2380 | D:4      | Noticed a scorpion
  2385 | D:4      | Reached skill level 5 in Axes
  2385 | D:4      | Reached XP level 5. HP: 41/46 MP: 5/5
  2472 | D:4      | Found Caetug's Distillery.
  2482 | D:4      | Bought a potion of mutation for 80 gold pieces
  2606 | D:4      | Reached skill level 1 in Dodging
  2674 | D:4      | Found a staircase to the Ecumenical Temple.
  2688 | Temple   | Entered the Ecumenical Temple
  2715 | D:4      | Found a hazy altar of Hepliaklqana.
  2741 | D:5      | Entered Level 5 of the Dungeon
  2764 | D:5      | Reached XP level 6. HP: 31/53 MP: 6/6
  2766 | D:5      | Noticed a water moccasin
  2899 | D:5      | Reached skill level 6 in Axes
  2911 | D:5      | Killed a water moccasin
  3290 | D:5      | Noticed Pikel
  3304 | D:5      | Reached skill level 5 in Fighting
  3307 | D:5      | Killed Pikel
  3308 | D:5      | Reached skill level 8 in Axes
  3308 | D:5      | Reached XP level 7. HP: 51/61 MP: 7/7
  3308 | D:5      | Reached XP level 8. HP: 58/69 MP: 8/8
  3461 | D:5      | Found a glowing silver altar of Zin.
  3536 | D:5      | Found a shimmering blue altar of Sif Muna.
  3809 | D:6      | Found an opulent altar of Gozag.
  3864 | D:6      | Reached skill level 9 in Axes
  3864 | D:6      | Reached skill level 5 in Armour
  3864 | D:6      | Reached skill level 5 in Shields
  4175 | D:6      | Found a stormy altar of Qazlal.
  4244 | D:6      | Became a worshipper of Beogh the Brigand
  4383 | D:6      | Reached skill level 1 in Stealth
  4788 | D:7      | Noticed Joseph
  4800 | D:7      | Killed Joseph
  4801 | D:7      | Reached skill level 10 in Axes
  4801 | D:7      | Reached XP level 9. HP: 46/78 MP: 9/9
  4919 | D:7      | Found a flagged portal.
  4945 | Bailey   | Entered a bailey
  4978 | Bailey   | Noticed a gargoyle
  4990 | Bailey   | Killed a gargoyle
  5113 | Bailey   | Reached skill level 11 in Axes
  5115 | Bailey   | Reached * piety under Beogh
  5232 | Bailey   | HP: 3/78 [vampire/vampiric draining (7)]
  5240 | Bailey   | Slain by a wolf zombie

Illustrated notes

Levels and vault maps discovered:
D:1:      eino_arrival_cavern_b, layout_basic,
          shapermc_ecumenical_altar_mp_urbaneastern, minivault_11,
          dreamdust_princess_corridor, serial_bayou_pond_c, minivault_24,
          minmay_box_of_dots
D:2:      minmay_door_path, layout_basic, serial_shops,
          nicolae_shop_hallway_plus, minmay_randomly_rotated_circles,
          uniq_crazy_yiuf_cottage
D:3:      layout_loops_cross, st_stairs_3, small_statue_intersection
D:4:      layout_rooms, nzn_hepliaklqana_mist_gate,
          minmay_temple_entry_antechambers, serial_glass, glass_columns_a,
          glass_columns_b, due_unseen_surprise, feat_on_display,
          feat_on_display, serial_shops, nicolae_shop_trees
D:5:      layout_rooms, zin_scriptorium, led_sif_pool, hex_intersection,
          hangedman_decor_riveting, minmay_stone_trees_small, uniq_pikel
D:6:      layout_basic, grunt_gozag_statues, mainiacjoe_overflow_paths,
          chequers_serial_rivers_micro_d, chequers_serial_rivers_small_b,
          lightli_orcish_oven
D:7:      layout_basic, enter_bailey_5, uniq_joseph
Temple:   nicolae_temple_no_exploring_needed
Bailey:   bailey_polearm_vampire_castle_hellmonk, bailey

Skill      XL: |  1  2  3  4  5  6  7  8  9 |
---------------+----------------------------+-----
Axes           | 3 4 5 8 10 11 | 11.1
Fighting       | 4 5 6 |  6.7
Armour         | 4 5 6 |  6.6
Dodging        | 1 2 |  2.2
Shields        | 4 5 6 |  6.0
Stealth        | 1 |  1.4

Action                     |  1- 3 |  4- 6 |  7- 9 || total
---------------------------+-------+-------+-------++-------
  Melee: War axe           |    86 |   122 |    17 ||   225
         Broad axe         |       |       |   112 ||   112
 Invoke: Convert to Beogh  |       |       |     1 ||     1
    Use: Scroll            |     5 |       |    15 ||    20
         Potion            |       |     1 |     4 ||     5
   Stab: Distracted        |       |       |     1 ||     1
 Armour: Scale mail        |    26 |    67 |    78 ||   171
         Skin              |       |       |     1 ||     1
  Dodge: Dodged            |    35 |    46 |    50 ||   131
  Block: Buckler           |    37 |    60 |    77 ||   174
